 Dungeon Crawl Stone Soup version 0.31-a0-1620-gcbf77bbcfc (webtiles) character file.

Game seed: 9257597165078941702

3760 Flugslaktarn the Fighter (level 9, -16/86 HPs)
             Began as a Minotaur Fighter on Jan 11, 2024.
             Was a Priest of Okawaru.
             Demolished by a two-headed ogre
             ... wielding a +0 giant club
              (28 damage)
             ... on level 9 of the Dungeon.
             The game lasted 00:04:50 (9475 turns).

Flugslaktarn the Fighter (Minotaur Fighter)         Turns: 9475, Time: 00:04:51

Health: -16/86     AC: 12    Str: 25    XL:     9   Next: 94%
Magic:  10/10      EV:  9    Int:  5    God:    Okawaru [***...]
Gold:   591        SH:  9    Dex: 10    Spells: 8/8 levels left

rFire   + . .        B - +3 war axe
rCold   . . .        c - +0 kite shield
rNeg    . . .        b - +0 scale mail
rPois   .            (helmet restricted)
rElec   .            g - +0 cloak
rCorr   .            (no gloves)
SInv    +            l - +2 pair of boots {rampage}
Will    .....        m - amulet of faith Stlth
                     i - ring of see invisible
HPRegen 0.34/turn    f - ring of protection from fire
MPRegen 0.12/turn

%: rampage, faith
@: no status effects
A: horns 2, retaliatory headbutt
a: Renounce Religion, Heroism


You were on level 9 of the Dungeon.
You worshipped Okawaru.
Okawaru was most pleased with you.
You visited 2 branches of the dungeon, and saw 10 of its levels.
You also visited: Ossuary.

You collected 591 gold pieces.

Inventory:

Hand Weapons
 B - a +3 war axe (weapon)
   (You took it off a wight on level 8 of the Dungeon)
 D - a +0 heavy war axe
   (You took it off an orc on level 5 of the Dungeon)
Missiles
 e - a throwing net (quivered)
Armour
 b - a +0 scale mail (worn)
 c - a +0 kite shield (worn)
   (You found it on level 7 of the Dungeon)
 g - a +0 cloak (worn)
   (You found it on level 1 of the Dungeon)
 l - a +2 pair of boots of rampaging (worn)
   (You acquired it on level 5 of the Dungeon)
Jewellery
 f - a ring of protection from fire (right hand)
   (You found it on level 5 of the Dungeon)
 i - a ring of see invisible (left hand)
   (You found it on level 6 of the Dungeon)
 m - an amulet of faith (around neck)
   (You found it on level 6 of the Dungeon)
Wands
 x - a wand of iceblast (6)
   (You found it on level 8 of the Dungeon)
 A - a wand of paralysis (1)
   (You found it on level 5 of the Dungeon)
Scrolls
 n - 6 scrolls of vulnerability
 o - 3 scrolls of immolation
 p - 3 scrolls of enchant weapon
 r - 2 scrolls of identify
 s - a scroll of enchant armour
 t - 4 scrolls of teleportation
 w - a scroll of fear
 z - 2 scrolls of blinking
 G - 4 scrolls of fog
Potions
 d - 6 potions of might
 h - 2 potions of haste
 j - a potion of lignification
 k - 4 potions of mutation
 q - 3 potions of curing
 u - 4 potions of heal wounds {unknown}
 v - a potion of invisibility {unknown}
 E - 2 potions of attraction {unknown}
 F - 2 potions of magic {unknown}


   Skills:
 * Level 10.3 Fighting
 * Level 10.0 Axes
 + Level 7.6 Armour
 + Level 7.7 Shields
 + Level 2.9 Invocations


You had 8 spell levels left.
You didn't know any spells.
Your spell library contained the following spells:

 Spells                   Type           Power      Damage    Failure   Level
 Foxfire                  Conj/Fire      0%         2x1d4     91%         1
 Slow                     Hex            0%         N/A       91%         1
 Confusing Touch          Hex            0%         N/A       99%         3
 Sigil of Binding         Hex            0%         N/A       99%         3
 Vampiric Draining        Necr           0%         2d6       99%         3
 Plasma Beam              Fire/Air       0%         2x1d10    100%        6
 Starburst                Conj/Fire      0%         6d3       100%        6


Dungeon Overview and Level Annotations

Branches:
Dungeon (9/15)             Temple (1/1) D:4         Ossuary (visited)
   Lair: D:8-11         Orc: D:9-12

Altars:
Dithmenos
Elyvilon
Gozag
Hepliaklqana
Kikubaaqudgha
Makhleb
Nemelex Xobeh
Okawaru
Qazlal
Ru
Sif Muna
Trog
Uskayaw
Vehumet
Xom
Yredelemnul
The Shining One

Shops:
D:3 :

Annotations:
D:6 Edmund


Innate Abilities, Weirdness & Mutations

You have a pair of horns on your head.
You reflexively headbutt those who attack you in melee.


Message History

The bullfrog hits you but does no damage.
The bullfrog closely misses you.
You slash the bullfrog!
The bullfrog is severely wounded.
The bullfrog closely misses you.
You hit the bullfrog.
You kill the bullfrog!
Okawaru accepts your kill.
No target in view!
You open the door.
Found a war axe and 4 stones.
No target in view!
There is an open door here.
You now have 591 gold pieces (gained 24).
There is an open door here.
An orc wizard, an orc priest and an orc come into view.
The orc wizard shouts!
The orc priest shouts!
The orc shouts!
You hear a shout! x2
The orc throws a boomerang.
The boomerang hits you but does no damage.
An orc comes into view. It is wielding a +0 club.
A two-headed ogre comes into view.
It is wielding a +0 giant club and a +0 giant spiked club.
An orc comes into view. It is wielding a +0 dagger.
You rampage towards the orc priest!
The orc priest hits you but does no damage.
The orc wizard gestures at you while chanting.
The magic dart hits you but does no damage.
There are monsters nearby!
You hit the orc wizard but do no damage.
Your headbutt misses the orc wizard. You closely miss the orc.
You slash the orc!
You kill the orc!
Okawaru accepts your kill. The orc hits you but does no damage.
The orc wizard barely misses you. You block the orc priest's attack.
You slash the orc wizard! You headbutt the orc wizard.
The orc wizard is almost dead.
You hit the orc. You closely miss the orc.
The orc priest looks satisfied for a moment.
The orc wizard gestures at you while chanting.
The magic dart hits you but does no damage.
The orc hits you but does no damage.
You slice the orc wizard!!
You kill the orc wizard!
Okawaru accepts your kill.
You slash the orc!
You kill the orc!
Okawaru accepts your kill.
You completely miss the orc.
The orc priest hits you but does no damage.
The orc barely misses you. You furiously retaliate!
You headbutt the orc!
You kill the orc!
Okawaru accepts your kill.
You hit the two-headed ogre. You headbutt the two-headed ogre!
The two-headed ogre is lightly wounded.
You block the orc priest's attack.
The two-headed ogre hits you with a +0 giant club!
The two-headed ogre hits you with a +0 giant spiked club.
You slash the two-headed ogre!
The two-headed ogre is moderately wounded.
The orc priest hits you but does no damage.
You block the two-headed ogre's attack.
The two-headed ogre hits you with a +0 giant spiked club!
You barely miss the two-headed ogre.
Your headbutt misses the two-headed ogre.
The two-headed ogre is moderately wounded.
The orc priest barely misses you.
You hit the two-headed ogre.
The two-headed ogre is moderately wounded.
The orc priest barely misses you.
The two-headed ogre hits you with a +0 giant club!!
The two-headed ogre misses you.
You hit the two-headed ogre. You headbutt the two-headed ogre.
The two-headed ogre is heavily wounded.
You block the orc priest's attack.
The two-headed ogre hits you with a +0 giant club!
* * * LOW HITPOINT WARNING * * *
The two-headed ogre hits you but does no damage.
The orc priest looks braver for a moment.
Okay, then.
Okay, then.
As you read the scroll of fear, it crumbles to dust.
You assume a fearsome visage.
The two-headed ogre resists with some effort.
The orc priest looks frightened!
The two-headed ogre barely misses you. x2
You feel better.
Aiming: Paralyse
Press: ? - help, Shift-Dir - straight line, f - two-headed ogre
Aim: a two-headed ogre, wielding a +0 giant club and a +0 giant spiked club (heavily wounded, chance to affect: 31%)
The two-headed ogre easily resists.
The two-headed ogre hits you with a +0 giant club.
* * * LOW HITPOINT WARNING * * *
The two-headed ogre hits you but does no damage.
Aiming: Paralyse
Press: ? - help, Shift-Dir - straight line, f/p - two-headed ogre
Aim: a two-headed ogre, wielding a +0 giant club and a +0 giant spiked club (heavily wounded, chance to affect: 31%)
The two-headed ogre easily resists.
The two-headed ogre hits you with a +0 giant club!
* * * LOW HITPOINT WARNING * * *
The two-headed ogre hits you with a +0 giant spiked club!!
You die...

#.......##.##........
#.......##.##........
#.......#..##.......<
#.......#.########.##
#.........# #...
#.......### ###.
####..### #.
#######.##### ##
#.....)@)...# #####
#......O)...# #....
#...........# #...)
+.....$.....# #....
#...........# #...(
#...........# +....
#......o....# #....
#...........+ #....
#####


You could see a two-headed ogre and an orc priest (fleeing).

Vanquished Creatures
  Jeremiah (D:7)
  A hornet (D:8)
  Prince Ribbit (D:7)
  Sigmund (D:6)
  A wyvern (D:7)
  Menkaure (Ossuary)
  A water moccasin (D:8)
  A sky beast (D:4)
  4 ogres
  An ice beast (D:8)
  4 centaurs
  2 phantoms
  3 bullfrogs
  2 scorpions
  4 wights (D:8)
  A howler monkey (D:7)
  An electric eel (D:7)
  2 bombardier beetles
  3 hounds
  A jelly (D:7)
  Crazy Yiuf (D:7)
  A gnoll bouda (D:6)
  3 orc priests
  2 iguanas
  A sleepcap (D:7)
  10 orc wizards
  3 mummies (Ossuary)
  6 gnolls
  6 adders
  A shadow imp (D:7)
  A white imp (D:6)
  2 ufetubi (D:6)
  A dart slug (D:3)
  2 ribbon worms (D:2)
  22 orcs
  4 endoplasms
  5 giant cockroaches
  5 gnoll zombies (Ossuary)
  7 hobgoblins
  7 kobolds
  A quokka (D:1)
  5 ball pythons
  3 bats
  4 frilled lizards
  5 gnoll skeletons (Ossuary)
  9 goblins
  3 goblin skeletons (Ossuary)
  3 goblin zombies
  4 hobgoblin skeletons (Ossuary)
  6 hobgoblin zombies (Ossuary)
  3 kobold zombies (Ossuary)
  6 orc skeletons (Ossuary)
  3 orc zombies (Ossuary)
  6 rats
  7 rat skeletons (Ossuary)
  7 rat zombies
201 creatures vanquished.

Notes
Turn   | Place    | Note
-------+----------+-------------------------------------------
     0 | D:1      | Flugslaktarn the Minotaur Fighter began the quest for the
                  | Orb.
     0 | D:1      | Reached XP level 1. HP: 19/19 MP: 0/0
   243 | D:3      | Reached XP level 2. HP: 27/27 MP: 1/1
   379 | D:4      | Reached XP level 3. HP: 33/33 MP: 2/2
   478 | D:4      | Found a shadowy altar of Dithmenos.
   547 | D:4      | Noticed a sky beast
   551 | D:4      | Killed a sky beast
   552 | D:4      | Reached skill level 5 in Fighting
   552 | D:4      | Reached XP level 4. HP: 42/42 MP: 3/3
   552 | D:4      | Reached XP level 5. HP: 48/48 MP: 4/4
   594 | D:4      | Found a glowing golden altar of the Shining One.
   596 | D:4      | Found a basalt altar of Yredelemnul.
   673 | D:4      | Found a staircase to the Ecumenical Temple.
   673 | D:4      | Noticed a phantom
   685 | D:4      | Killed a phantom
   694 | Temple   | Entered the Ecumenical Temple
   735 | D:4      | Found a sand-covered staircase.
   742 | Ossuary  | Entered an ossuary
   970 | Ossuary  | Noticed Menkaure
   979 | Ossuary  | Killed Menkaure
   980 | Ossuary  | Reached skill level 5 in Axes
   980 | Ossuary  | Reached XP level 6. HP: 9/57 MP: 5/5
  1375 | D:4      | Found a stormy altar of Qazlal.
  1376 | D:4      | Found a sacrificial altar of Ru.
  1744 | D:4      | Reached skill level 5 in Armour
  1744 | D:4      | Reached skill level 5 in Shields
  1838 | D:4      | Found a sparkling altar of Nemelex Xobeh.
  2097 | D:3      | Reached XP level 7. HP: 63/63 MP: 6/6
  2146 | D:3      | Found Ifooj's Book Shop.
  3645 | D:1      | Found a faded altar of an unknown god.
  4421 | D:5      | Entered Level 5 of the Dungeon
  4611 | D:5      | Found a bloodstained altar of Trog.
  5297 | D:5      | Identified a scroll of acquirement
  5314 | D:5      | Acquired a +1 pair of boots of rampaging
  5406 | D:6      | Reached XP level 8. HP: 26/73 MP: 7/7
  6275 | D:6      | Noticed Sigmund
  6292 | D:6      | Killed Sigmund
  6346 | D:6      | Noticed Edmund
  6612 | D:7      | Noticed Jeremiah
  6642 | D:7      | Found an iron altar of Okawaru.
  6645 | D:7      | Found a shimmering blue altar of Sif Muna.
  6688 | D:7      | Became a worshipper of Warmaster Okawaru
  6906 | D:7      | Reached * piety under Okawaru
  6907 | D:7      | Reached XP level 9. HP: 83/83 MP: 8/8
  7138 | D:7      | Reached skill level 1 in Invocations
  7209 | D:7      | Killed Jeremiah
  7425 | D:7      | Noticed Prince Ribbit
  7435 | D:7      | Killed Prince Ribbit
  7927 | D:7      | Found a shimmering altar of Xom.
  7928 | D:7      | Found a hazy altar of Hepliaklqana.
  7929 | D:7      | Noticed a spectral ugly thing
  8300 | D:7      | Found a runed translucent door.
  8301 | D:7      | Noticed Crazy Yiuf
  8527 | D:7      | Killed Crazy Yiuf
  8664 | D:8      | Reached ** piety under Okawaru
  8820 | D:8      | Reached skill level 10 in Fighting
  8975 | D:8      | Reached *** piety under Okawaru
  9052 | D:8      | Reached skill level 10 in Axes
  9462 | D:9      | Noticed a two-headed ogre
  9475 | D:9      | Demolished by a two-headed ogre

Illustrated notes

Levels and vault maps discovered:
D:1:      dpeg_arrival_stone_temple_mockup, layout_loops_ring,
          shapermc_ecumenical_altar_mp_urbaneastern
D:2:      layout_basic
D:3:      layout_basic, serial_shops, nicolae_square_shop, nicolae_hexahallways
D:4:      layout_loops_ring, mainiacjoe_overflow_alcove_3,
          nemelex_dance_club_becter, mainiacjoe_overflow_alcove_1,
          minmay_temple_entry_water_ring, enter_ossuary_4
D:5:      layout_rooms, trog_antimagical
D:6:      layout_rooms, sigmund_edmund_badplayer
D:7:      layout_layer_cave, regret_index_temple_of_mockery,
          nicolae_overflow_squiral, uniq_jeremiah, uniq_crazy_yiuf_cottage,
          uniq_prince_ribbit1
D:8:      layout_cave_pools, nicolae_twisty_statue_hallways
D:9:      layout_roguey, nicolae_overflow_hidden_temple, erik_lair_island,
          serial_shops, nicolae_diamond_shop
Temple:   nicolae_temple_ecumenical_triangle

Skill      XL: |  1  2  3  4  5  6  7  8  9 |
---------------+----------------------------+-----
Fighting       | 4 5 6 7 9 10 | 10.3
Axes           | 3 4 5 6 8 10 | 10.0
Armour         | 4 5 6 7 |  7.6
Shields        | 4 5 6 7 |  7.7
Invocations    | 2 |  2.9

Action                     |  1- 3 |  4- 6 |  7- 9 || total
---------------------------+-------+-------+-------++-------
  Melee: War axe           |    38 |   134 |   251 ||   423
         Headbutt          |     4 |    18 |    42 ||    64
         Unarmed           |       |       |     8 ||     8
  Evoke: Wand              |       |       |     2 ||     2
    Use: Scroll            |       |       |    22 ||    22
         Potion            |       |       |     2 ||     2
 Armour: Scale mail        |    27 |    62 |   227 ||   316
         Skin              |       |       |     4 ||     4
  Dodge: Dodged            |    12 |    48 |   128 ||   188
  Block: Buckler           |     3 |     8 |    47 ||    58
         Kite shield       |       |       |    52 ||    52

Table legend: (Time is in decaauts)
 A = Elapsed time spent in this place.
 B = Non-inter-level travel time spent in this place.
 C = Inter-level travel time spent in this place.
 D = Time resting spent in this place.
 E = Time spent auto-exploring this place.
 F = Levels seen in this place.
 G = Mean time per level.
                   A        B        C        D        E       F      G
               +--------+--------+--------+--------+--------+-----+--------+
         Total |   9640 |   9285 |    355 |    790 |   7087 |  11 |  876.4 |
       Dungeon |   9040 |   8685 |    355 |    598 |   6960 |   9 | 1004.4 |
        Temple |      4 |      4 |      0 |      0 |      0 |   1 |    4.0 |
       Ossuary |    595 |    595 |      0 |    192 |    127 |   1 |  595.0 |
               +--------+--------+--------+--------+--------+-----+--------+

Top non-repeatable levels by time:
     D:7: 2033 daAuts
     D:6: 1249 daAuts
     D:4: 1043 daAuts
     D:2: 1020 daAuts
     D:5: 989 daAuts
     D:3: 957 daAuts
     D:1: 871 daAuts
     D:8: 806 daAuts
 Ossuary: 595 daAuts
     D:9: 68 daAuts
  Temple: 4 daAuts
